 Dungeon Crawl Stone Soup version 0.19-a0-1206-g6bcb79c (webtiles) character file.

8869 nubinia the Thaumaturge (level 11, 0/58 (59) HPs)
             Began as a Deep Elf Necromancer on Aug 20, 2016.
             Was an Elder of Sif Muna.
             Slain by Snorg (10 damage)
             ... on level 11 of the Dungeon on Aug 21, 2016.
             The game lasted 01:27:39 (11796 turns).

nubinia the Thaumaturge (Deep Elf Necromancer)     Turns: 11796, Time: 01:27:40

HP:   0/58 (59)     AC:  9    Str:  5    XL:     11   Next: 15%
MP:   24/29         EV: 17    Int: 23    God:    Sif Muna [****..]
Gold: 447           SH:  4    Dex: 16    Spells: 7 memorised, 18 levels left

rFire  . . .     SeeInvis .     B - +2 rapier (elec)
rCold  . . .     Gourm    .     Q - +3 leather armour
rNeg   . . .     Faith    .     t - +0 buckler
rPois  +         Spirit   .     (no helmet)
rElec  .         Dismiss  .     E - +0 cloak
rCorr  .         Reflect  .     D - +0 pair of gloves
MR     +....     Harm     .     (no boots)
Stlth  +++.......               h - amulet of magic regeneration
                                r - +2 ring of evasion
                                K - ring of wizardry

@: divine energy
A: blurry vision 1, sense surroundings 1, poison resistance, shaggy fur 1
a: Stop Divine Energy, Channel Magic, Forget Spell, Renounce Religion


You were on level 11 of the Dungeon.
You worshipped Sif Muna.
Sif Muna was greatly pleased with you.
You were very hungry.

You visited 2 branches of the dungeon, and saw 12 of its levels.

You collected 447 gold pieces.

Inventory:

Hand Weapons
 f - a +0 dagger
 B - a +2 rapier of electrocution (weapon)
 I - a +0 blowgun
 L - a +2 dagger of venom
Missiles
 R - 9 curare-tipped needles
Armour
 a - a +0 robe
 t - a +0 buckler (worn)
 w - a +0 leather armour
 C - a +2 leather armour of cold resistance
 D - a +0 pair of gloves (worn)
 E - a +0 cloak (worn)
 M - a +2 leather armour of fire resistance
 Q - a +3 leather armour (worn)
Jewellery
 d - an uncursed amulet of dismissal
 e - an uncursed ring of protection from cold
 h - an amulet of magic regeneration (around neck)
 q - an uncursed ring of protection from cold
 r - a +2 ring of evasion (right hand)
 K - a ring of wizardry (left hand)
 P - an uncursed ring of resist corrosion
Wands
 y - a wand of iceblast (2/15)
 A - a wand of polymorph (16/24)
 J - a wand of lightning (4/15)
Scrolls
 b - 2 scrolls of amnesia
 l - 3 scrolls of remove curse
 o - 5 scrolls of teleportation
 p - 4 scrolls of identify
 z - a scroll of magic mapping
 N - a scroll of enchant armour
 O - 2 scrolls of fog
Potions
 g - 3 potions of heal wounds
 j - 2 potions of haste
 m - 3 potions of brilliance
 n - 2 potions of invisibility
 s - 5 potions of curing
 u - 2 potions of lignification
 v - a potion of cancellation
 x - a potion of cure mutation
 F - 2 potions of resistance
Comestibles
 c - 6 bread rations
 i - 4 meat rations
 k - 2 fruits
 G - a slice of pizza
 H - 7 beef jerkies


   Skills:
 + Level 2.6 Fighting
 + Level 3.6 Short Blades
 + Level 3.4 Armour
 + Level 7.2 Dodging
 + Level 6.0 Stealth
 + Level 2.0 Shields
 * Level 12.8 Spellcasting
 * Level 3.8 Charms
 + Level 12.2 Necromancy
 + Level 0.2 Evocations


You had 18 spell levels left.
You knew the following spells:

 Your Spells              Type           Power        Failure   Level  Hunger
a - Pain                  Necr           ####         1%          1    None
b - Vampiric Draining     Necr           ######....   1%          3    None
c - Control Undead        Necr           ######....   1%          4    None
e - Summon Small Mammal   Summ           ##..         4%          1    None
D - Animate Dead          Necr           N/A          1%          4    None
R - Regeneration          Chrm/Necr      ######....   1%          3    None
S - Animate Skeleton      Necr           N/A          1%          1    None


Dungeon Overview and Level Annotations

Branches:
Dungeon (11/15)            Temple (1/1) D:4             Orc (0/2) D:10
   Lair: D:8-11

Altars:
Ashenzari
Cheibriados
Dithmenos
Elyvilon
Fedhas
Gozag
Hepliaklqana
Kikubaaqudgha
Makhleb
Nemelex Xobeh
Okawaru
Qazlal
Ru
Sif Muna
Trog
Uskayaw
Vehumet
Xom
Yredelemnul
Zin
The Shining One
Jiyva

Shops:
D:6 :*   D:7 %

Annotations:
D:3 Grinder
D:4 Menkaure; mopl's ghost, novice OgGl
D:11 Snorg


Innate Abilities, Weirdness & Mutations

Scrolls take you a little longer to read.
You passively map a small area around you.
Your system is resistant to poisons. (rPois)
You are covered in fur. (AC +1)


Message History

Snorg is heavily wounded.
You feel life coursing into your body.
Snorg goes berserk!
Unknown command.
You hit Snorg.
Snorg is heavily wounded.
Snorg bites you!! Snorg claws you!!
* * * LOW HITPOINT WARNING * * *
Snorg closely misses you.
Unknown command.
Unknown command.
Unknown command.
Casting: Vampiric Draining
Confirm with . or Enter, or press ? or * to list all spells.
Aiming: Vampiric Draining
Press: ? - help, Shift-Dir - straight line, f/p - Snorg
Aim: Snorg (heavily wounded, berserk, fast, unusually strong) Snorg is heavily wounded.
You feel life coursing into your body. You block Snorg's attack.
Snorg claws you!
You die...

, , * ##............
, ............. * * ,
,.............
,...<........, * , ,
, ........... *
#.........$ , * ,
#T........., , , ,
,,#.@........ , , , #
#......###### *,
####.,#....###....# +
, ,
......####'#......#,
,
.......).../......#,*
, .....#####........#
, ,... #........#, ,
, . ,, #........# * *
* ,, #........#,


You could see Snorg (berserk).

Vanquished Creatures
  Sonja (D:11)
  A hill giant (D:10)
  Pikel (D:3)
  A centaur zombie (D:10)
  Psyche (D:9)
  A troll (D:10)
  Prince Ribbit (D:7)
  2 yaks (D:8)
  A wraith (D:10)
  A hippogriff (D:9)
  Eustachio (D:4)
  A water moccasin (D:8)
  Duvessa (D:7)
  An ice beast (D:10)
  6 orc warriors
  5 sky beasts
  2 phantoms
  A slave (D:4)
  4 necrophages (D:10)
  4 ogres
  3 centaurs
  8 giant frogs
  Dowan (D:7)
  3 scorpions
  An electric eel (D:6)
  5 crimson imps
  A giant frog zombie (D:6)
  3 hounds
  2 jellies
  8 orc priests
  A centaur skeleton (D:9)
  10 orc wizards
  5 iguanas
  2 giant frog skeletons
  Terence (D:3)
  Natasha (twice) (Temple)
  6 worker ants
  2 killer bee zombies
  A hound skeleton (D:7)
  5 gnolls
  5 adders
  2 howler monkey skeletons
  2 shadow imps
  An adder zombie (D:6)
  2 worms
  5 dart slugs
  9 giant geckos
  11 orcs
  15 bats
  5 giant cockroaches
  9 goblins
  6 hobgoblins
  11 jackals
  6 kobolds
  5 quokkas
  2 ball pythons
  A giant gecko skeleton (D:8)
  3 giant newts (D:1)
  3 quokka skeletons
  5 rats
215 creatures vanquished.

Vanquished Creatures (collateral kills)
  3 yaks (D:8)
  An orc warrior (D:9)
  An ice beast (D:5)
  A slave (D:4)
  Purgy (D:4)
  A necrophage (D:10)
  2 centaurs
  An ogre (D:10)
  A water moccasin zombie (D:7)
  2 vampire bats (D:5)
  A crimson imp (D:5)
  2 centaur zombies
  A giant frog skeleton (D:7)
  An iguana (D:7)
  A worker ant (D:5)
  2 gnolls (D:4)
  An adder (D:5)
  8 orcs
  3 bats (D:5)
  A giant cockroach (D:3)
  A goblin (D:1)
  2 jackals (D:3)
  A quokka (D:3)
  A giant newt (D:3)
40 creatures vanquished.

Vanquished Creatures (others)
  Natasha (Temple)
  An orc (D:8)
  A ball python (D:5)
3 creatures vanquished.

Grand Total: 258 creatures vanquished

Notes
Turn   | Place    | Note
-------+----------+-------------------------------------------
     0 | D:1      | nubinia the Deep Elf Necromancer began the quest for the Orb.
     0 | D:1      | Reached XP level 1. HP: 10/10 MP: 6/6
     2 | D:1      | Learned a level 1 spell: Animate Skeleton
    38 | D:1      | Reached skill level 5 in Necromancy
   146 | D:1      | Reached XP level 2. HP: 9/15 MP: 1/8
   644 | D:1      | Reached XP level 3. HP: 15/19 MP: 7/10
   651 | D:1      | Learned a level 3 spell: Vampiric Draining
  1906 | D:3      | Reached XP level 4. HP: 23/24 MP: 9/12
  1912 | D:3      | Learned a level 4 spell: Control Undead
  2334 | D:3      | Noticed Terence
  2352 | D:3      | Killed Terence
  2378 | D:3      | Noticed Grinder
  2979 | D:4      | Found an iron altar of Okawaru.
  2979 | D:4      | Noticed Pikel
  2979 | D:4      | Noticed a slave
  2979 | D:4      | Noticed a slave
  2979 | D:4      | Noticed a slave
  2979 | D:4      | Noticed a slave
  2979 | D:4      | Noticed mopl's ghost (novice OgGl)
  3031 | D:4      | Reached XP level 5. HP: 10/28 MP: 14/14
  3269 | D:4      | Found a staircase to the Ecumenical Temple.
  3301 | D:4      | Noticed Eustachio
  3325 | D:4      | Killed Eustachio
  3325 | D:4      | Reached skill level 5 in Spellcasting
  3365 | D:4      | Found a white marble altar of Elyvilon.
  3449 | D:4      | Found a shadowy altar of Dithmenos.
  3449 | D:4      | Found a blossoming altar of Fedhas.
  3452 | D:4      | Found an opulent altar of Gozag.
  3463 | D:4      | Killed a slave
  3464 | D:4      | Killed a slave
  3745 | D:4      | Noticed a phantom
  3766 | D:4      | Reached XP level 6. HP: 19/33 MP: 9/16
  3990 | D:3      | Killed Pikel
  3990 | D:3      | Reached skill level 1 in Fighting
  3990 | D:3      | Reached skill level 1 in Armour
  3990 | D:3      | Reached XP level 7. HP: 30/38 MP: 1/19
  4164 | D:4      | Learned a level 4 spell: Animate Dead
  4168 | D:4      | Learned a level 3 spell: Regeneration
  4371 | D:4      | Noticed Natasha
  4482 | D:4      | Noticed Purgy
  4485 | D:4      | Noticed Menkaure
  4496 | D:4      | Killed Purgy
  4496 | D:4      | Reached XP level 8. HP: 36/43 MP: 9/21
  4595 | D:5      | Entered Level 5 of the Dungeon
  4595 | D:5      | Found a shimmering altar of Xom.
  4600 | D:5      | Reached skill level 1 in Short Blades
  4976 | Temple   | Entered the Ecumenical Temple
  5084 | Temple   | Killed Natasha
  5087 | Temple   | Killed Natasha
  5088 | Temple   | Noticed Natasha
  5092 | Temple   | Killed Natasha
  5171 | D:4      | Found a deep blue altar of Sif Muna.
  5175 | D:4      | Became a worshipper of Sif Muna the Loreminder
  5567 | D:4      | Identified Sif Muna's Volume of Calling
  6299 | D:5      | Reached * piety under Sif Muna
  6346 | D:5      | Found a hazy altar of Hepliaklqana.
  6712 | D:6      | Found a sparkling altar of Nemelex Xobeh.
  6792 | D:6      | Found an ancient bone altar of Kikubaaqudgha.
  6828 | D:6      | Reached skill level 10 in Necromancy
  6846 | D:6      | Found Ikloaj's Book Shop.
  6885 | D:6      | Reached XP level 9. HP: 45/47 MP: 24/24
  6924 | D:6      | Found Ifol's General Store.
  6947 | D:6      | Reached skill level 1 in Shields
  6950 | D:6      | Reached skill level 5 in Dodging
  7039 | D:6      | Gained mutation: You are covered in fur. (AC +1) [mutagenic meat]
  7042 | D:6      | Gained mutation: Scrolls take you a little longer to read. [mutagenic meat]
  7048 | D:6      | Gained mutation: You passively map a small area around you. [mutagenic meat]
  7051 | D:6      | Gained mutation: Your system is resistant to poisons. (rPois) [mutagenic meat]
  7213 | D:5      | Reached skill level 10 in Spellcasting
  7234 | D:6      | Reached ** piety under Sif Muna
  7576 | D:6      | Upgraded the game from 0.19-a0-1201-gda63bca to 0.19-a0-1206-g6bcb79c
  7870 | D:7      | Found a radiant altar of Vehumet.
  7900 | D:7      | Noticed Prince Ribbit
  7946 | D:7      | Killed Prince Ribbit
  8110 | D:7      | Found Ekhlymp's Food Emporium.
  8175 | D:7      | Noticed Duvessa
  8178 | D:7      | Noticed Dowan
  8194 | D:7      | Killed Duvessa
  8205 | D:7      | Killed Dowan
  8554 | D:8      | Learned a level 1 spell: Summon Small Mammal
  8895 | D:8      | Reached skill level 5 in Stealth
  8943 | D:8      | Reached XP level 10. HP: 47/53 MP: 27/27
  9364 | D:8      | Reached *** piety under Sif Muna
 10076 | D:9      | Noticed Psyche
 10095 | D:9      | Killed Psyche
 10200 | D:9      | Found a hide-covered altar of Uskayaw.
 10200 | D:9      | Found a sparkling altar of Nemelex Xobeh.
 10300 | D:9      | Found a hazy altar of Hepliaklqana.
 10508 | D:10     | Entered Level 10 of the Dungeon
 10528 | D:10     | Found a shadowy altar of Dithmenos.
 10651 | D:10     | Found a staircase to the Orcish Mines.
 10658 | D:10     | Noticed a hill giant
 10735 | D:10     | Killed a hill giant
 10735 | D:10     | Reached skill level 1 in Charms
 11102 | D:10     | Reached **** piety under Sif Muna
 11220 | D:10     | Reached XP level 11. HP: 57/57 MP: 29/29
 11771 | D:11     | Noticed Sonja
 11779 | D:11     | Killed Sonja
 11788 | D:11     | Noticed Snorg
 11796 | D:11     | Slain by Snorg

Vault maps used:
D:1:      shiori_arrival_elements, st_stairs_6, bh_walls_and_bars
D:2:      first_bread
D:3:      st_stairs_11, uniq_terence, uniq_grinder
D:4:      led_sif_book, grunt_temple_overflow_open, uniq_purgy, uniq_menkaure,
          uniq_pikel, uniq_eustachio, uniq_natasha
D:5:      xom_confusion_cloud, lemuel_doored_altar,
          minmay_guarded_unrand_vampires_tooth
D:6:      wad_river_or_something, kiku_gazebo_garden_becter, serial_shops, shop,
          shop_fountains, kennysheep_pointless_box, minmay_misc_feat_columns,
          nemelex_diamond_rough_becter
D:7:      vehumet_crystals, serial_shops, shop, uniq_prince_ribbit1,
          uniq_duvessa
D:9:      gammafunk_temple_overflow_elements, basic_altar, uniq_psyche
D:10:     orc_0_dummy, serial_undead, serial_undead_f, serial_undead_d,
          serial_undead_a, serial_undead_b, grunt_ogre_cave,
          grunt_decor_clamped, hangedman_decor_lopped, corexii_checkpoint_a,
          minivault_25, amethyst_killhole,
          nicolae_dithmenos_through_a_glass_darkly
D:11:     grunt_lair_entry_orc_guard_hut, corner_web_ring, uniq_sonja,
          uniq_erolcha, uniq_snorg
Temple:   pf_slimified_temple

Skill      XL: |  1  2  3  4  5  6  7  8  9 10 11 |
---------------+----------------------------------+-----
Necromancy     | 5 6 8 10 11 12 | 12.2
Spellcasting   | 4 5 7 9 11 12 | 12.8
Dodging        | 3 4 5 7 |  7.2
Stealth        | 3 5 6 |  6.0
Fighting       | 1 2 |  2.6
Armour         | 1 2 3 |  3.4
Short Blades   | 1 2 3 |  3.6
Shields        | 1 2 |  2.0
Charms         | 2 3 |  3.8
Evocations     | |  0.2

Action                   |  1- 3 |  4- 6 |  7- 9 | 10-12 || total
-------------------------+-------+-------+-------+-------++-------
Melee: Dagger            |     8 |    74 |       |    18 ||   100
       Rapier            |       |    12 |   263 |   221 ||   496
 Cast: Pain              |    63 |    31 |    32 |    18 ||   144
       Animate Skeleton  |    16 |    10 |    13 |     9 ||    48
       Vampiric Draining |     1 |    11 |    50 |    33 ||    95
       Control Undead    |       |     2 |    12 |     9 ||    23
       Animate Dead      |       |       |    25 |    11 ||    36
       Regeneration      |       |       |       |     6 ||     6
Invok: Divine Energy     |       |       |     1 |       ||     1
Evoke: Wand              |       |       |       |     2 ||     2
  Use: Scroll            |     5 |     3 |    16 |     3 ||    27
       Potion            |       |       |     2 |     3 ||     5
 Stab: Sleeping          |     3 |     3 |    11 |     8 ||    25
       Distracted        |       |     1 |       |     2 ||     3
  Eat: Chunk             |     3 |     6 |    23 |    10 ||    42
       Beef jerky        |       |       |     1 |       ||     1
Armor: Robe              |     2 |     3 |       |       ||     5
       Leather armour    |       |    12 |    51 |    46 ||   109
       Skin              |       |     2 |       |       ||     2
Dodge: Dodged            |     8 |    57 |   216 |   157 ||   438
Block: Buckler           |     2 |    10 |    54 |    39 ||   105
